NTL
ST. CLOUD ROX @ WATERTOWN BUCKS
05/20/1982
 
TOP OF THE 1ST
St. Cloud Rox batting - Pitching for Watertown Bucks : RHP Tony Valenzuela
Pitching: RHP Tony Valenzuela
Batting: LHB Doran Perdue 0-0: Ball
1-0: Ball
2-0: Fly out, F7 (Flyball, 7D, EV 99.4 MPH)
Batting: SHB George Mitchell 0-0: Ball
1-0: Fly out, F8 (Flyball, 8RD, EV 86.9 MPH)
Batting: SHB R J Reynolds 0-0: SINGLE (Flyball, 6MD, EV 83.1 MPH)
Batting: LHB Tim Flannery 0-0: Ball
1-0: Fly out, F5 (Popup, 5SF, EV 66.9 MPH)
Top of the 1st over - 0 runs, 1 hit, 0 errors, 1 left on base; St. Cloud 0 - Watertown 0
BOTTOM OF THE 1ST
Watertown Bucks batting - Pitching for St. Cloud Rox : LHP William Eason
Pitching: LHP William Eason
Batting: RHB Thomas Dimino 0-0: Called Strike
0-1: Ball
1-1: Ball
2-1: Ball
3-1: Bunt missed!
3-2: Ground out 3-1 (Groundball, 34, EV 91.3 MPH)
Batting: SHB Bruce Hines 0-0: Ball
1-0: Foul Ball, location: 2F
1-1: Ball
2-1: Ball
3-1: Base on Balls
Batting: RHB Randy Hunt 0-0: Ball
Wild Pitch!
Bruce Hines to second
1-0: Ball
2-0: Called Strike
2-1: SINGLE (Groundball, 4D, EV 104.4 MPH)
Bruce Hines to third
Runner from 3rd tries for Home, SAFE, throw by RF to home
Randy Hunt to second
Batting: RHB Richard Plautz 0-0: Called Strike
0-1: Foul Ball, location: 2F
0-2: Ball
1-2: Foul Ball, location: 2F
1-2: Ball
2-2: Strikes out swinging, 2-3 out at first.
Batting: LHB Greg Guin 0-0: Ball
1-0: Foul Ball, location: 2F
1-1: Fly out, F8 (Line Drive, 8RD, EV 91.3 MPH)
Bottom of the 1st over - 1 run, 1 hit, 0 errors, 1 left on base; St. Cloud 0 - Watertown 1
TOP OF THE 2ND
St. Cloud Rox batting - Pitching for Watertown Bucks : RHP Tony Valenzuela
Batting: RHB Bill Worden 0-0: Ball
1-0: Fly out, F7 (Line Drive, 7D, EV 99.4 MPH)
Batting: LHB Curtis Morgan 0-0: Ball
1-0: Called Strike
1-1: Ball
2-1: Fly out, F8 (Flyball, 8RXD, EV 91.3 MPH)
Batting: RHB Domingos Maravilhas 0-0: Called Strike
0-1: Ball
1-1: Ball
2-1: Ball
3-1: Swinging Strike
3-2: Foul Ball, location: 2F
3-2: Ground out 6-3 (Groundball, 6S, EV 69.4 MPH)
Top of the 2nd over - 0 runs, 0 hits, 0 errors, 0 left on base; St. Cloud 0 - Watertown 1
BOTTOM OF THE 2ND
Watertown Bucks batting - Pitching for St. Cloud Rox : LHP William Eason
Batting: RHB Eugene Cattane 0-0: Ground out 4-3 (Groundball, 4, EV 81.9 MPH)
Batting: RHB Bob Volk 0-0: Called Strike
0-1: Swinging Strike
0-2: Foul Ball, location: 2F
0-2: Foul Ball, location: 2F
0-2: Ball
1-2: Foul Ball, location: 2F
1-2: Foul Ball, location: 2F
1-2: Ground out 6-3 (Groundball, 6, EV 98.8 MPH)
Batting: SHB Luis Rivera 0-0: Foul Ball, location: 2F
0-1: Fly out, F2 (Popup, 3SF, EV 85.0 MPH)
Bottom of the 2nd over - 0 runs, 0 hits, 0 errors, 0 left on base; St. Cloud 0 - Watertown 1
TOP OF THE 3RD
St. Cloud Rox batting - Pitching for Watertown Bucks : RHP Tony Valenzuela
Batting: SHB Manny Galvez 0-0: Swinging Strike
0-1: Called Strike
0-2: Strikes out swinging
Batting: RHB Jack Hudson 0-0: Called Strike
0-1: Foul Ball, location: 2F
0-2: Strikes out swinging
Batting: LHB Doran Perdue 0-0: Called Strike
0-1: Ball
1-1: Fly out, F7 (Flyball, 7S, EV 93.1 MPH)
Top of the 3rd over - 0 runs, 0 hits, 0 errors, 0 left on base; St. Cloud 0 - Watertown 1
BOTTOM OF THE 3RD
Watertown Bucks batting - Pitching for St. Cloud Rox : LHP William Eason
Batting: LHB Carl Spikes 0-0: Ball
1-0: Ball
2-0: Fly out, F8 (Flyball, 8LM, EV 87.5 MPH)
Batting: RHB Thomas Dimino 0-0: Called Strike
0-1: Called Strike
0-2: Ball
1-2: Ball
2-2: Ball
3-2: Foul Ball, location: 2F
3-2: Strikes out swinging
Batting: SHB Bruce Hines 0-0: Foul Ball, location: 2F
0-1: Ground out 1-3 (Groundball, 15S, EV 76.3 MPH)
Bottom of the 3rd over - 0 runs, 0 hits, 0 errors, 0 left on base; St. Cloud 0 - Watertown 1
TOP OF THE 4TH
St. Cloud Rox batting - Pitching for Watertown Bucks : RHP Tony Valenzuela
Batting: SHB George Mitchell 0-0: Called Strike
0-1: Single, Error in OF, E9, batter to second base (Groundball, 34D, EV 96.9 MPH)
Batting: SHB R J Reynolds 0-0: Ball
1-0: SINGLE (Groundball, 56S, EV 70.6 MPH) (infield hit)
George Mitchell to third
Batting: LHB Tim Flannery 0-0: Called Strike
0-1: Ball
1-1: Ball
R J Reynolds is caught stealing 2nd base 2-6
2-1: Foul Ball, location: 2F
2-2: Foul Ball, location: 2F
2-2: SINGLE (Groundball, 34, EV 107.5 MPH)
George Mitchell scores
Batting: RHB Bill Worden 0-0: Ball
1-0: Ball
2-0: Called Strike
2-1: Ball
3-1: Fly out, F8 (Line Drive, 8RD, EV 99.4 MPH)
Batting: LHB Curtis Morgan 0-0: Fly out, F6 (Flyball, 56D, EV 76.9 MPH)
Top of the 4th over - 1 run, 3 hits, 1 error, 1 left on base; St. Cloud 1 - Watertown 1
BOTTOM OF THE 4TH
Watertown Bucks batting - Pitching for St. Cloud Rox : LHP William Eason
Batting: RHB Randy Hunt 0-0: Ball
1-0: Called Strike
1-1: Ball
2-1: Ball
3-1: Base on Balls
Batting: RHB Richard Plautz 0-0: Ball
1-0: Ball
2-0: Ball
3-0: Foul Ball, location: 2F
3-1: Called Strike
3-2: Strikes out swinging
Batting: LHB Greg Guin 0-0: Ball
1-0: Ball
2-0: DOUBLE (Line Drive, 7LS, EV 106.3 MPH)
Randy Hunt to third
Batting: RHB Eugene Cattane 0-0: Called Strike
0-1: Ball
1-1: Ball
2-1: Foul Ball, location: 2F
2-2: Foul Ball, location: 2F
2-2: DOUBLE (Line Drive, 3D, EV 100.6 MPH)
Randy Hunt scores
Greg Guin scores
Batting: RHB Bob Volk 0-0: Ball
1-0: Ball
2-0: Fly out, F9 (Flyball, 9, EV 90.0 MPH)
Runner from 2nd tags up, SAFE at 3rd with throw by RF
Batting: SHB Luis Rivera 0-0: Foul Ball, location: 2F
0-1: Ball
1-1: Ball
2-1: Foul Ball, location: 2F
2-2: Foul Ball, location: 2F
2-2: Ball
3-2: SINGLE (Flyball, 34D, EV 95.0 MPH)
Eugene Cattane scores
Batting: LHB Carl Spikes 0-0: Ball
Luis Rivera steals 2nd base
1-0: Fly out, F2 (Popup, 2RF, EV 81.3 MPH)
Bottom of the 4th over - 3 runs, 3 hits, 0 errors, 1 left on base; St. Cloud 1 - Watertown 4
TOP OF THE 5TH
St. Cloud Rox batting - Pitching for Watertown Bucks : RHP Tony Valenzuela
Batting: RHB Domingos Maravilhas 0-0: Foul Ball, location: 2F
0-1: SINGLE (Flyball, 34D, EV 95.6 MPH)
Batting: SHB Manny Galvez 0-0: Foul Ball, location: 2F
0-1: Fly out, F9 (Line Drive, 9, EV 108.8 MPH)
Batting: RHB Jack Hudson 0-0: Called Strike
0-1: Ball
1-1: Ball
2-1: Foul Ball, location: 2F
2-2: Ball
3-2: Foul Ball, location: 2F
3-2: Fielders Choice at 2nd, 6-4 (Groundball, 6MD, EV 81.9 MPH)
Batting: LHB Doran Perdue 0-0: Ball
1-0: Swinging Strike
1-1: Foul Ball, location: 2F
1-2: Ball
2-2: Foul Ball, location: 2F
2-2: Ball
3-2: SINGLE (Line Drive, 6D, EV 99.4 MPH)
Jack Hudson to second
Jack Hudson to third
Batting: SHB George Mitchell 0-0: Ball
1-0: Ball
2-0: Ball
3-0: Called Strike
3-1: DOUBLE (Flyball, 7D, EV 107.5 MPH)
Jack Hudson scores
Doran Perdue to third
Runner from 3rd tries for Home, SAFE, throw by LF to home
Batting: SHB R J Reynolds 0-0: Called Strike
0-1: Foul Ball, location: 2F
0-2: Ball
1-2: Fly out, F8 (Flyball, 89D, EV 104.4 MPH)
Top of the 5th over - 2 runs, 3 hits, 0 errors, 1 left on base; St. Cloud 3 - Watertown 4
BOTTOM OF THE 5TH
Watertown Bucks batting - Pitching for St. Cloud Rox : LHP William Eason
Batting: RHB Thomas Dimino 0-0: Ball
1-0: SINGLE (Line Drive, 56D, EV 108.8 MPH)
Batting: SHB Bruce Hines 0-0: Called Strike
Thomas Dimino steals 2nd base
0-1: Called Strike
0-2: Ball
1-2: Foul Ball, location: 2F
1-2: Strikes out swinging
Batting: RHB Randy Hunt 0-0: Ball
1-0: Called Strike
1-1: Foul Ball, location: 2F
1-2: Fly out, F9 (Flyball, 9D, EV 83.1 MPH)
Runner from 2nd tags up, SAFE at 3rd, no throw by RF
Batting: RHB Richard Plautz 0-0: Called Strike
0-1: Ground out 6-3 (Groundball, 56, EV 100.0 MPH)
Bottom of the 5th over - 0 runs, 1 hit, 0 errors, 1 left on base; St. Cloud 3 - Watertown 4
TOP OF THE 6TH
St. Cloud Rox batting - Pitching for Watertown Bucks : RHP Tony Valenzuela
Batting: LHB Tim Flannery 0-0: Ball
1-0: Ball
2-0: Called Strike
2-1: Foul Ball, location: 2F
2-2: Foul Ball, location: 2F
2-2: Fly out, F8 (Flyball, 89M, EV 97.5 MPH)
Batting: RHB Bill Worden 0-0: Called Strike
0-1: Fly out, F7 (Flyball, 78S, EV 78.8 MPH)
Batting: LHB Curtis Morgan 0-0: Fly out, F9 (Line Drive, 9D, EV 111.9 MPH)
Top of the 6th over - 0 runs, 0 hits, 0 errors, 0 left on base; St. Cloud 3 - Watertown 4
BOTTOM OF THE 6TH
Watertown Bucks batting - Pitching for St. Cloud Rox : LHP William Eason
Batting: LHB Greg Guin 0-0: Called Strike
0-1: Ball
1-1: Called Strike
1-2: Strikes out swinging
Batting: RHB Eugene Cattane 0-0: Called Strike
0-1: Swinging Strike
0-2: Ball
1-2: Ball
2-2: Foul Ball, location: 2F
2-2: Foul Ball, location: 2F
2-2: Ball
3-2: Foul Ball, location: 2F
3-2: Strikes out swinging
Batting: RHB Bob Volk 0-0: Ball
1-0: Ball
2-0: Foul Ball, location: 2F
2-1: Fly out, F3 (Popup, 3F, EV 73.1 MPH)
Bottom of the 6th over - 0 runs, 0 hits, 0 errors, 0 left on base; St. Cloud 3 - Watertown 4
TOP OF THE 7TH
St. Cloud Rox batting - Pitching for Watertown Bucks : RHP Tony Valenzuela
Batting: RHB Domingos Maravilhas 0-0: Called Strike
0-1: Called Strike
0-2: Fly out, F8 (Flyball, 8RD, EV 95.0 MPH)
Batting: SHB Manny Galvez 0-0: Ball
1-0: Called Strike
1-1: DOUBLE (Flyball, 8RXD, EV 93.1 MPH) - OUT at third base trying to stretch hit.
Batting: RHB Jack Hudson 0-0: Swinging Strike
0-1: Ball
1-1: SINGLE (Groundball, 56D, EV 98.8 MPH)
Batting: LHB Doran Perdue 0-0: Called Strike
0-1: Foul Ball, location: 2F
0-2: Ball
1-2: Fielders Choice at 2nd, 5-4 (Groundball, 5, EV 86.9 MPH)
Top of the 7th over - 0 runs, 2 hits, 0 errors, 1 left on base; St. Cloud 3 - Watertown 4
BOTTOM OF THE 7TH
Watertown Bucks batting - Pitching for St. Cloud Rox : LHP William Eason
Pitching: RHP Scott Terry
Batting: SHB Luis Rivera 0-0: Ball
1-0: Ball
2-0: Ball
3-0: Called Strike
3-1: Ground out 1-3 (Groundball, 13S, EV 71.9 MPH)
Batting: LHB Carl Spikes 0-0: Fly out, F9 (Line Drive, 9, EV 100.6 MPH)
Batting: RHB Thomas Dimino 0-0: Swinging Strike
0-1: Swinging Strike
0-2: Ball
1-2: Foul Ball, location: 2F
1-2: Ball
2-2: Strikes out swinging
Bottom of the 7th over - 0 runs, 0 hits, 0 errors, 0 left on base; St. Cloud 3 - Watertown 4
TOP OF THE 8TH
St. Cloud Rox batting - Pitching for Watertown Bucks : RHP Tony Valenzuela
Batting: SHB George Mitchell 0-0: Ground out 4-3 (Groundball, 34, EV 86.9 MPH)
Batting: SHB R J Reynolds 0-0: Foul Ball, location: 2F
0-1: Swinging Strike
0-2: Ball
1-2: Ground out 4-3 (Groundball, 4M, EV 86.3 MPH)
Batting: LHB Tim Flannery 0-0: Ball
1-0: Ball
2-0: Ball
3-0: Base on Balls
Batting: RHB Bill Worden 0-0: Called Strike
0-1: Foul Ball, location: 2F
0-2: Ball
1-2: Strikes out swinging
Top of the 8th over - 0 runs, 0 hits, 0 errors, 1 left on base; St. Cloud 3 - Watertown 4
BOTTOM OF THE 8TH
Watertown Bucks batting - Pitching for St. Cloud Rox : RHP Scott Terry
Batting: SHB Bruce Hines 0-0: Called Strike
0-1: Ball
1-1: Ball
2-1: Foul Ball, location: 2F
2-2: Strikes out swinging
Batting: RHB Randy Hunt 0-0: Called Strike
0-1: Fly out, F1 (Line Drive, P, EV 66.9 MPH)
Batting: RHB Richard Plautz 0-0: Ball
1-0: Fly out, F8 (Flyball, 8LD, EV 99.4 MPH)
Bottom of the 8th over - 0 runs, 0 hits, 0 errors, 0 left on base; St. Cloud 3 - Watertown 4
TOP OF THE 9TH
St. Cloud Rox batting - Pitching for Watertown Bucks : RHP Tony Valenzuela
Pitching: RHP Randy Graham
Batting: LHB Curtis Morgan 0-0: Fly out, F8 (Flyball, 8LM, EV 78.1 MPH)
Batting: RHB Domingos Maravilhas 0-0: Reached on error, E9 (Flyball, 9, EV 91.9 MPH)
Batting: SHB Manny Galvez 0-0: Swinging Strike
0-1: Fielders Choice at 2nd, 6-4 (Groundball, 6, EV 92.5 MPH)
Pinch Hitting: RHB Ron Gardenhire 0-0: Ball
1-0: SINGLE (Groundball, 6S, EV 65.6 MPH) (infield hit)
Manny Galvez to second
Batting: LHB Doran Perdue 0-0: Ball
1-0: Swinging Strike
1-1: SINGLE (Groundball, 6MD, EV 97.5 MPH)
Manny Galvez to third
Ron Gardenhire to second
Runner from 3rd tries for Home, SAFE, throw by CF to home
Batting: SHB George Mitchell 0-0: Ball
1-0: Swinging Strike
1-1: Swinging Strike
1-2: SINGLE (Groundball, 6M, EV 101.3 MPH)
Ron Gardenhire to third
Doran Perdue to second
Runner from 3rd tries for Home, SAFE, throw by CF to home
Batting: SHB R J Reynolds 0-0: Ball
1-0: Called Strike
1-1: Foul Ball, location: 2F
1-2: Ball
2-2: Strikes out swinging, 2-3 out at first.
Top of the 9th over - 2 runs, 3 hits, 1 error, 2 left on base; St. Cloud 5 - Watertown 4
BOTTOM OF THE 9TH
Watertown Bucks batting - Pitching for St. Cloud Rox : RHP Scott Terry
Pitching: RHP Mitch Zwolensky
Now in CF: Butch Benton
Batting: LHB Greg Guin 0-0: SINGLE (Line Drive, 7LS, EV 107.5 MPH)
Pinch Hitting: LHB Bryan Neal 0-0: Foul Ball, location: 2F
0-1: Ball
1-1: Ball
2-1: Foul Ball, location: 2F
2-2: Fly out, F9 (Flyball, 89M, EV 95.0 MPH)
Batting: RHB Bob Volk 0-0: Called Strike
0-1: Ball
1-1: Ball
2-1: Foul Ball, location: 2F
2-2: Foul Ball, location: 2F
2-2: DOUBLE (Line Drive, 5D, EV 98.8 MPH)
Greg Guin to third
Pinch Runner at 2nd Sebastiano Borriello:
Batting: SHB Luis Rivera 0-0: Ball
1-0: Ball
2-0: Ground out 6-3 (Groundball, 6, EV 105.0 MPH)
Batting: LHB Carl Spikes 0-0: Intentional Walk
Pinch Hitting: RHB Robert Tanzi 0-0: Fly out, F4 (Popup, 34, EV 56.9 MPH)
Bottom of the 9th over - 0 runs, 2 hits, 0 errors, 3 left on base; St. Cloud 5 - Watertown 4
Friday, July 31st, 2020 - OOTP Baseball 21.5 Build 76